 Dungeon Crawl Stone Soup version 0.22-a0-307-g2b15929 (webtiles) character file.

554 Borgoz the Ruffian (level 7, -17/61 HPs)
             Began as a Ghoul Monk on Apr 1, 2018.
             Was a Priest of Dithmenos.
             Demolished by an ogre
             ... wielding a +0 giant spiked club
              (23 damage)
             ... on level 4 of the Dungeon.
             The game lasted 00:05:54 (3749 turns).

Borgoz the Ruffian (Ghoul Monk)                     Turns: 3749, Time: 00:05:55

Health: -17/61     AC:  4    Str: 15    XL:     7   Next: 30%
Magic:  6/6        EV: 14    Int:  5    God:    Dithmenos [***...]
Gold:   112        SH:  0    Dex: 13    Spells: 6/6 levels left

rFire    . . .     SeeInvis .     - Unarmed
rCold    + . .     Gourm    .   (no shield)
rNeg     + + +     Faith    .   a - +0 robe
rPois    ∞         Spirit   .   j - +2 hat
rElec    .         Reflect  .   (no cloak)
rCorr    +         Harm     .   (no gloves)
MR       .....                  (no boots)
Stlth    +++.......             (no amulet)
HPRegen  0.00/turn              k - ring of resist corrosion
MPRegen  0.10/turn              (no ring)

@: rotting, wreathed by umbra
A: rotting body, claws 1, carnivore, cold resistance 1, negative energy
resistance 3, inhibited regeneration, torment resistance, unbreathing
a: Shadow Step, Renounce Religion


You were on level 4 of the Dungeon.
You worshipped Dithmenos.
Dithmenos was most pleased with you.
You were not hungry.

You visited 1 branch of the dungeon, and saw 4 of its levels.

You collected 112 gold pieces.

Inventory:

Armour
 a - a +0 robe (worn)
 j - a +2 hat (worn)
Jewellery
 f - an uncursed ring of fire
 k - a ring of resist corrosion (left claw)
Scrolls
 c - 2 scrolls of remove curse {unknown}
 e - a scroll of blinking {unknown}
 i - a scroll of amnesia {unknown}
 m - a scroll of enchant armour {unknown}
 n - 3 scrolls of immolation {unknown}
 r - a scroll of teleportation {unknown}
 t - a scroll of fear {unknown}
Potions
 d - 2 potions of might
 g - a potion of degeneration {unknown}
 h - 2 potions of heal wounds
 l - a potion of haste
 o - 3 potions of magic
 p - a potion of cancellation {unknown}
 q - 2 potions of resistance {unknown}
Comestibles
 b - 5 rations
 s - 2 chunks of flesh


   Skills:
 + Level 5.2 Fighting
 + Level 3.2 Armour
 + Level 4.3 Dodging
 - Level 2.1 Stealth
 + Level 5.2 Unarmed Combat


You had 6 spell levels left.
You didn't know any spells.

Dungeon Overview and Level Annotations

Branches:
Dungeon (4/15)
 Temple: D:4-7

Altars:
Ashenzari
Dithmenos
Fedhas


Innate Abilities, Weirdness & Mutations

Your body is rotting away.
You thrive on raw meat.
You are immune to poison.
You have sharp fingernails.
You are carnivorous and can eat meat at any time.
Your flesh is cold resistant. (rC+)
You are immune to negative energy. (rN+++)
You do not regenerate when monsters are visible.
You are immune to unholy pain and torment.
You can survive without breathing.


Message History

The phantom is almost destroyed.
You barely miss the phantom.
The phantom is almost destroyed.
The phantom misses you.
You claw the phantom!
You destroy the phantom!
Dithmenos accepts your kill.
You start resting.
An ogre comes into view. It is wielding a giant spiked club.
Found a ration.
You start resting.
You catch the helpless ogre completely off-guard!
You scratch the ogre.
The ogre is moderately wounded.
The ogre hits you with a giant spiked club!!
* * * LOW HITPOINT WARNING * * *
You claw the ogre!
The ogre is heavily wounded.
The ogre hits you with a giant spiked club!!
You die...

.# ...#.####. #..#....%
....... # ....# #.# #
####...# #.# #
#......#####.# #
#..@.......... #
.#######O..#####.# #
.O.........## #.### # #
............####...#...#
# ...##................#
# #.##
#####.######.>.#...# #.#
#.# ##.## # #.# #.# #.#
#.# ##'## #.#


You could see an ogre.

Vanquished Creatures
  Edmund (D:4)
  A phantom (D:4)
  A bullfrog (D:3)
  An orc priest (D:3)
  An orc wizard (D:3)
  An iguana (D:4)
  A worker ant (D:4)
  7 adders
  An adder skeleton (D:4)
  2 worms
  3 dart slugs
  3 leopard geckos
  5 orcs
  2 bats (D:1)
  7 giant cockroaches
  11 goblins
  8 hobgoblins
  14 jackals
  4 kobolds
  2 quokkas
  2 ball pythons
  7 frilled lizards
  9 rats
94 creatures vanquished.

Notes
Turn   | Place    | Note
-------+----------+-------------------------------------------
     0 | D:1      | Borgoz the Ghoul Monk began the quest for the Orb.
     0 | D:1      | Reached XP level 1. HP: 19/19 MP: 0/0
   229 | D:1      | Reached XP level 2. HP: 26/26 MP: 1/1
   528 | D:1      | Reached skill level 1 in Armour
   561 | D:1      | Reached XP level 3. HP: 30/31 MP: 2/2
   902 | D:2      | Found a shadowy altar of Dithmenos.
   917 | D:2      | Became a worshipper of Dithmenos the Shadowed
   917 | D:2      | Reached * piety under Dithmenos
   917 | D:2      | Reached ** piety under Dithmenos
   994 | D:2      | Reached XP level 4. HP: 25/40 MP: 3/3
  1099 | D:2      | Found a shattered altar of Ashenzari.
  1695 | D:2      | Reached XP level 5. HP: 34/46 MP: 4/4
  2010 | D:3      | Reached *** piety under Dithmenos
  2363 | D:3      | Reached XP level 6. HP: 17/52 MP: 5/5
  3195 | D:4      | Found a blossoming altar of Fedhas.
  3202 | D:4      | Noticed Edmund
  3225 | D:4      | Killed Edmund
  3433 | D:4      | Reached skill level 5 in Unarmed Combat
  3517 | D:4      | Reached skill level 5 in Fighting
  3570 | D:4      | Noticed a phantom
  3611 | D:4      | Reached XP level 7. HP: 44/61 MP: 6/6
  3749 | D:4      | Demolished by an ogre

Vault maps used:
D:1:      dpeg_arrival_fog
D:2:      nicolae_ashenzari_panopticon, grunt_dithmenos_smoke
D:4:      nicolae_overflow_hidden_temple, first_ration, kennysheep_small_spiral,
          hangedman_abyss_or_decor_stagger, fedhas_altar_2, uniq_edmund

Skill      XL: |  1  2  3  4  5  6 |
---------------+-------------------+-----
Armour         | 1 2 3 |  3.2
Dodging        | 3 4 |  4.3
Fighting       | 4 5 |  5.2
Unarmed Combat | 4 5 |  5.2
Stealth        | |  2.1

Action                   |  1- 3 |  4- 6 |  7- 9 || total
-------------------------+-------+-------+-------++-------
Melee: Unarmed           |    98 |   266 |    18 ||   382
       Punch             |     1 |     2 |     1 ||     4
  Use: Scroll            |       |     3 |       ||     3
       Potion            |       |     2 |       ||     2
 Stab: Sleeping          |     6 |     3 |       ||     9
       Distracted        |       |     1 |     1 ||     2
  Eat: Chunk             |     2 |    23 |       ||    25
Armor: Robe              |    12 |    28 |     1 ||    41
Dodge: Dodged            |    61 |   156 |    10 ||   227

Table legend:
 A = Spawn XP
 B = Non-spawn XP
 C = Spawn XP percentage of total XP
 D = Spawn monster count
 E = Non-spawn monster count
 F = Spawn count percentage of total count
 G = Total turns spent on level
                    A         B        C        D         E        F      G
               +---------+---------+-------+---------+---------+-------+---------
         Total |       0 |     792 |   0.0 |       0 |      94 |   0.0 |  3749
               +---------+---------+-------+---------+---------+-------+---------
           D:1 |       0 |      42 |   0.0 |       0 |      24 |   0.0 |   861
           D:2 |       0 |     119 |   0.0 |       0 |      35 |   0.0 |  1081
           D:3 |       0 |     243 |   0.0 |       0 |      28 |   0.0 |  1215
           D:4 |       0 |     388 |   0.0 |       0 |       7 |   0.0 |   592
               +---------+---------+-------+---------+---------+-------+---------
